 Dungeon Crawl Stone Soup version 0.20-b1 (webtiles) character file.

50 Gorglomux the Skirmisher (level 3, 0/33 HPs)
             Began as a Hill Orc Venom Mage on May 19, 2017.
             Succumbed to an adder's poison
             ... on level 1 of the Dungeon.
             The game lasted 00:02:01 (1498 turns).

Gorglomux the Skirmisher (Hill Orc Venom Mage)      Turns: 1498, Time: 00:02:01

Health: 0/33       AC:  3    Str:  9 (11) XL:     3   Next: 79%
Magic:  5/5        EV: 12    Int: 14 (15) God:
Gold:   108        SH:  0    Dex:  9 (11) Spells: 4/5 levels left

rFire    + . .     SeeInvis .   m - +0 whip
rCold    . . .     Gourm    .   (no shield)
rNeg     . . .     Faith    .   a - +0 robe
rPois    .         Spirit   .   e - +0 helmet
rElec    .         Reflect  .   (no cloak)
rCorr    .         Harm     .   (no gloves)
MR       .....                  (no boots)
Stlth    ++........             (no amulet)
Regen    0.2/turn               (no ring)
MPRegen  0.1/turn               (no ring)

@: lethally poisoned (0 -> -2)
A: fire resistance 1, evolution 1
a: no special abilities


You were on level 1 of the Dungeon.
You were very hungry.

You visited 1 branch of the dungeon, and saw 2 of its levels.

You collected 108 gold pieces.

Inventory:

Hand Weapons
 g - a +0 dagger
   (You took it off a goblin on level 1 of the Dungeon)
 m - a +0 whip (weapon)
   (You found it on level 2 of the Dungeon)
Armour
 a - a +0 robe (worn)
 e - a +0 helmet (worn)
   (You found it on level 1 of the Dungeon)
Scrolls
 d - 2 scrolls of amnesia {unknown}
 f - 2 scrolls of identify {unknown}
 i - 2 scrolls of teleportation {unknown}
 j - a scroll of recharging {unknown}
 k - 2 scrolls of remove curse {unknown}
 o - a scroll of enchant armour {unknown}
Potions
 h - a potion of degeneration {!q}
Books
 b - a Young Poisoner's Handbook
Comestibles
 c - 4 bread rations {@e1@e1}


   Skills:
 + Level 3.9 Fighting
 - Level 1.5 Dodging
 - Level 1.5 Stealth
 - Level 1.5 Spellcasting
 - Level 1.0 Conjurations
 - Level 2.6 Poison Magic


You had 4 spell levels left.
You knew the following spells:

 Your Spells              Type           Power        Failure   Level  Hunger
a - Sting                 Conj/Pois      #...         12%         1    ##.....


Dungeon Overview and Level Annotations

Branches:
Dungeon (2/15)

Altars:
Gozag

Annotations:
D:2 Sigmund


Innate Abilities, Weirdness & Mutations

Your flesh is heat resistant. (rF+)
You evolve.


Message History

You take 10 damage, and have 22/33 hp.
MASSIVE DAMAGE!!
You feel sick.
You take 1 damage, and have 21/33 hp.
You feel sick.
You take 2 damage, and have 19/33 hp.
You feel sick.
You take 1 damage, and have 18/33 hp.
You feel sick. The adder bites you.
You are more poisoned.
The adder poisons you!
You take 6 damage, and have 12/33 hp.
You feel sick.
Your magical contamination has completely faded away.
You take 1 damage, and have 11/33 hp.
* * * LOW HITPOINT WARNING * * *
You feel sick.
There is a stone staircase leading up here.
You take 2 damage, and have 9/33 hp.
* * * LOW HITPOINT WARNING * * *
You feel sick. The adder closely misses you.
The adder bites you but does no damage.
You climb upwards.
* * * LOW HITPOINT WARNING * * *
You feel sick.
There is a stone staircase leading down here.
Unknown command.
You take 4 damage, and have 5/33 hp.
You feel much better.
You feel sick. The adder completely misses you.
You regained 18 hp, and now have 23/33 hp.
You closely miss the adder.
You feel sick. The adder bites you.
You are more poisoned.
The adder poisons you!
You take 3 damage, and have 20/33 hp.
Aim: an adder (moderately wounded)
The sting hits the adder.
The adder is poisoned.
You feel sick. The adder closely misses you. The adder bites you.
You take 2 damage, and have 18/33 hp.
You now have 4/5 mp.
Aim: an adder (severely wounded, poisoned)
The sting hits the adder.
The adder looks even sicker.
You feel sick. The adder bites you.
You take 3 damage, and have 15/33 hp.
Unknown command.
Aim: an adder (almost dead, poisoned)
The sting hits the adder.
The adder looks even sicker.
You kill the adder!
You feel sick.
You take 1 damage, and have 14/33 hp.
You now have 3/5 mp.
You can't see any susceptible monsters within range! (Use Z to cast anyway.) Unknown command.
You feel sick.
You see here an adder corpse.
You take 2 damage, and have 12/33 hp.
You butcher the adder corpse.
You feel sick.
You see here 2 chunks of flesh {@w0@w0}.
You take 1 damage, and have 11/33 hp.
Okay, then.
You are not religious.
You are not religious.
You are not religious.
There is a lethal amount of poison in your body!
Unknown command.
You aren't carrying any pieces of jewellery.
Unknown command.
You aren't carrying any pieces of jewellery.
Unknown command.
You aren't carrying any pieces of jewellery.
There is a lethal amount of poison in your body!
Unknown command.
You feel sick.
You take 1 damage, and have 10/33 hp.
* * * LOW HITPOINT WARNING * * *
You feel sick.
* * * LOW HITPOINT WARNING * * *
You feel sick.
* * * LOW HITPOINT WARNING * * *
You feel sick.
* * * LOW HITPOINT WARNING * * *
You feel sick.
* * * LOW HITPOINT WARNING * * *
You feel sick.
* * * LOW HITPOINT WARNING * * *
You feel sick.
* * * LOW HITPOINT WARNING * * *
You feel sick.
* * * LOW HITPOINT WARNING * * *
You feel sick.
You take 7 damage, and have 3/33 hp.
MASSIVE DAMAGE!!
* * * LOW HITPOINT WARNING * * *
You feel sick.
You take 1 damage, and have 2/33 hp.
* * * LOW HITPOINT WARNING * * *
You feel sick.
You take 1 damage, and have 2/33 hp.
* * * LOW HITPOINT WARNING * * *
You feel sick.
You take 1 damage, and have 1/33 hp.
MP restored: 5 You die...

###### #....#
#######....#######
#............†....
#.################
#.################
#>................
#@###########.#.##
#.# #.#... #.#
#.#..# #.# #.#...
#.# #.#... #.#
#.#... #.# #.#...
#.# #.###. #.#
#########.....


There were no monsters in sight!

Vanquished Creatures
  2 adders
  A worm (D:2)
  A leopard gecko (D:2)
  6 bats
  A giant cockroach (D:2)
  4 goblins (D:1)
  2 hobgoblins (D:1)
  3 ball pythons (D:1)
  A frilled lizard (D:1)
  4 kobolds
  4 rats (D:1)
29 creatures vanquished.

Notes
Turn   | Place    | Note
-------+----------+-------------------------------------------
     0 | D:1      | Gorglomux the Hill Orc Venom Mage began the quest for the Orb.
     0 | D:1      | Reached XP level 1. HP: 14/14 MP: 3/3
    57 | D:1      | Reached skill level 1 in Fighting
   282 | D:1      | Reached XP level 2. HP: 21/24 MP: 2/4
   286 | D:1      | Reached skill level 2 in Fighting
   926 | D:2      | Found an opulent altar of Gozag.
   989 | D:2      | Reached skill level 3 in Fighting
  1056 | D:2      | Reached XP level 3. HP: 31/31 MP: 5/5
  1445 | D:2      | Noticed Sigmund
  1457 | D:2      | Gained mutation: Your flesh is heat resistant. (rF+) [potion of mutation]
  1457 | D:2      | Gained mutation: You evolve. [potion of mutation]
  1469 | D:2      | HP: 7/33 [poisoned by an adder]
  1480 | D:1      | HP: 8/33 [poisoned by an adder]
  1485 | D:1      | HP: 5/33 [poisoned by an adder]
  1490 | D:1      | HP: 2/33 [poisoned by an adder]
  1495 | D:1      | HP: 1/33 [poisoned by an adder]
  1498 | D:1      | Succumbed to an adder's poison

Skill      XL: |  1  2 |
---------------+-------+-----
Fighting       | 1 3 |  3.9
Dodging        | |  1.5
Stealth        | |  1.5
Spellcasting   | |  1.5
Conjurations   | |  1.0
Poison Magic   | |  2.6

Action                   || total
-------------------------++-------
Melee: Dagger            ||    26
       Unarmed           ||     3
       Whip              ||    30
 Cast: Sting             ||    43
  Use: Potion            ||     6
 Stab: Sleeping          ||     2
  Eat: Chunk             ||     2
Armor: Robe              ||    33
Dodge: Dodged            ||    63

Vault maps used:
D:1:      elethiomel_arrival_shortcut, minmay_cupped
D:2:      nicolae_gozag_seed_capital, uniq_sigmund

Table legend:
 A = Turns spent in this place as a percentage of turns spent in the entire game.
 B = Non-inter-level travel turns spent in this place as a percentage of non-inter-level travel turns spent in the entire game.
 C = Inter-level travel turns spent in this place as a percentage of turns spent in this place.
 D = Turns resting spent in this place as a percentage of non-inter-level travel turns spent in this place.
 E = Turns spent auto-exploring this place as a percentage of non-inter-level travel turns spent in this place.
 F = Non-inter-level travel turns spent in this place divided by the number of levels of this place that you've seen.
                   A       B       C       D       E      F
               +-------+-------+-------+-------+-------+----------------------
         Total | 100.0 | 100.0 |   0.3 |   3.5 |   9.2 | 298.0
       Dungeon | 100.0 | 100.0 |   0.3 |   3.5 |   9.2 | 298.0
               +-------+-------+-------+-------+-------+----------------------

Table legend:
 A = Kills in this place as a percentage of kills in entire the game.
 B = Kills by you in this place as a percentage of kills by you in the entire game.
 C = Kills by friends in this place as a percentage of kills by friends in the entire game.
 D = Other kills in this place as a percentage of other kills in the entire game.
 E = Experience gained in this place as a percentage of experience gained in the entire game.
 F = Experience gained in this place divided by the number of levels of this place that you have seen.
                   A       B       C       D       E      F
               +-------+-------+-------+-------+-------+----------------------
         Total | 100.0 | 100.0 |  -nan |  -nan | 100.0 |  36.0
       Dungeon | 100.0 | 100.0 |  -nan |  -nan | 100.0 |  36.0
               +-------+-------+-------+-------+-------+----------------------
